 Dungeon Crawl Stone Soup version 0.31-a0-164-g2312942fda (webtiles) character file.

Game seed: 16154004124866919403

29164 qw the Marksnaga (level 13, -4/126 HPs)
             Began as a Naga Hunter on June 13, 2023.
             Was a Priest of Okawaru.
             Slain by a death yak (19 damage)
             ... on level 5 of the Lair of Beasts.
             The game lasted 00:07:09 (14061 turns).

qw the Marksnaga (Naga Hunter)                     Turns: 14061, Time: 00:07:10

Health: -4/126     AC: 18    Str: 14    XL:     13   Next: 43%
Magic:  18/18      EV: 16    Int:  9    God:    Okawaru [***...]
Gold:   197        SH:  0    Dex: 20    Spells: 12/12 levels left

rFire   + . .        Y - +0 orcbow
rCold   . . .        (shield currently unavailable)
rNeg    . . .        o - +6 acid dragon scales
rPois   +            (no helmet)
rElec   .            h - +2 cloak
rCorr   +            (no gloves)
SInv    +            (no barding)
Will    ++...        d - amulet of regeneration
Stlth   +++          b - ring of protection from fire
HPRegen 1.21/turn    i - ring of willpower
MPRegen 0.16/turn

%: no passive effects
@: about to teleport, heroic, very slow
A: AC +4, large, see invisible, deformed body, poison resistance, slowness 2,
spit poison 1, naga tail 2
a: Spit Poison, Renounce Religion, Heroism


You were on level 5 of the Lair of Beasts.
You worshipped Okawaru.
Okawaru was most pleased with you.
You visited 3 branches of the dungeon, and saw 16 of its levels.

You collected 780 gold pieces.
You spent 583 gold pieces at shops.


Innate Abilities, Weirdness & Mutations

Your serpentine skin is tough. (AC +4)
You have supernaturally acute eyesight. (SInv)
Armour fits poorly on your strangely shaped body.
Your system is resistant to poisons. (rPois)
You cover ground very slowly.
You can spit poison.
You can use your snake-like lower body to constrict enemies.


   Skills:
 + Level 10.8(15.8) Fighting
 - Level 16.0(21.0) Ranged Weapons
 - Level 3.0(8.0) Armour
 - Level 6.0(11.0) Dodging
 - Level 1.5(6.5) Stealth
 - Level 7.0 Invocations


You had 12 spell levels left.
You didn't know any spells.
Your spell library was empty.

Inventory:

Hand Weapons
 Y - a +0 orcbow (weapon)
Armour
 h - a +2 cloak (worn)
 o - +6 acid dragon scales (worn)
 p - the +2 robe "Ygas" {rN+ Str+6 Dex+4}
   (You found it on level 5 of the Lair of Beasts)

   Str:       It affects your strength (+6).
   Dex:       It affects your dexterity (+4).
   rN:        It protects you from negative energy.
Jewellery
 b - a ring of protection from fire (left hand)
 d - an amulet of regeneration (around neck)
 i - a ring of willpower (right hand)
 l - a ring of fire
 m - a +6 ring of strength
Scrolls
 a - 2 scrolls of enchant armour
 k - 5 scrolls of identify
Potions
 c - 3 potions of curing
 e - 3 potions of haste
 f - 3 potions of mutation
 j - 2 potions of might
 n - a potion of cancellation

Dungeon Overview and Level Annotations

Branches:
Dungeon (10/15)            Temple (1/1) D:4            Lair (5/5) D:10
 Shoals (0/4) Lair:3       Spider (0/4) Lair:3        Slime (0/5) Lair:4
    Orc (0/2) D:10

Altars:
Ashenzari
Cheibriados
Dithmenos
Elyvilon
Fedhas
Gozag
Hepliaklqana
Kikubaaqudgha
Makhleb
Nemelex Xobeh
Okawaru
Qazlal
Ru
Sif Muna
Trog
Uskayaw
Vehumet
Wu Jian
Xom
Yredelemnul
Zin
The Shining One
Jiyva
Lugonu

Shops:
D:2 =   D:5 *   D:10 ?

Annotations:
D:3 1 runed translucent door, Crazy Yiuf


Message History

The arrow hits the death yak but does no damage.
The death yak is lightly wounded.
The death yak gores you but does no damage.
The death yak gores you! The death yak barely misses you.
You shoot an arrow.
The arrow hits the death yak but does no damage.
The death yak is lightly wounded.
The death yak barely misses you.
You shoot an arrow. The arrow barely misses the death yak.
You shoot an arrow. The arrow hits the death yak.
The death yak is lightly wounded.
The death yak gores you but does no damage.
The death yak gores you!
You shoot an arrow. The arrow hits the death yak.
The death yak is lightly wounded.
The death yak gores you but does no damage.
The death yak gores you!
The death yak gores you but does no damage. x2
The death yak completely misses you.
You shoot an arrow.
The arrow hits the death yak but does no damage.
The death yak is lightly wounded.
The death yak gores you but does no damage.
The death yak closely misses you. The death yak barely misses you.
The death yak gores you but does no damage.
The death yak gores you.
You shoot an arrow. The arrow hits the death yak!
The death yak is heavily wounded.
You shoot an arrow. The arrow hits the death yak!
The death yak is heavily wounded.
The death yak misses you. The death yak gores you!
The death yak barely misses you. The death yak completely misses you.
The death yak gores you.
14061 ||| READING scroll of teleportation.
As you read the scroll of teleportation, it crumbles to dust.
You feel strangely unstable. The death yak completely misses you.
The death yak gores you! The death yak closely misses you.
The death yak barely misses you. The death yak gores you!!
You die...

.........# .. #........# ...#
#./##.......##
...#..##....#......<.# .....
...............##
.....Y#.#...........#.#
........YY#.#..#......%####
#........YYY...........###
.#........YY@...P.......#.#
........#.##YYY....P.......##
...##......#.....)...........#
.....................%.......#
.............................##
.................P.##.....#..#
..P...P......##.#####.P....###
....P......#.#### #.P###.#
..##......#..## #### ###


You could see 11 death yaks.

Vanquished Creatures
  3 hydras
  A boulder beetle (Lair:4)
  A two-headed ogre (D:8)
  3 death yaks (Lair:5)
  A catoblepas (Lair:3)
  Urug (Lair:2)
  A pharaoh ant (Lair:3)
  3 black mambas
  Joseph (D:9)
  2 torpor snails
  Maggie (D:8)
  6 cane toads
  A rime drake (Lair:3)
  6 komodo dragons
  4 polar bears
  A merfolk (Lair:3)
  A troll (D:10)
  A tarantella (Lair:3)
  4 dream sheep (Lair:2)
  7 blink frogs
  2 jumping spiders (Lair:3)
  4 wyverns
  36 yaks
  A wraith (D:8)
  A redback (Lair:3)
  A steam dragon (D:8)
  Edmund (D:4)
  Menkaure (D:4)
  5 wargs (D:10)
  12 water moccasins
  2 orc warriors (D:9)
  3 ice beasts
  13 wolves
  4 ogres
  3 centaurs
  2 kobold brigands
  2 phantoms
  11 bullfrogs
  A scorpion (D:4)
  A gnoll sergeant (D:8)
  4 wights (D:9)
  5 killer bees (D:6)
  4 electric eels
  4 howler monkeys
  2 jellies
  5 orc priests
  A gnoll bouda (D:7)
  A hound (D:7)
  6 sleepcaps
  Natasha (twice) (D:4)
  Terence (D:3)
  Ijyb (D:5)
  4 iguanas
  11 orc wizards
  A centaur simulacrum (D:10)
  14 gnolls
  6 adders
  2 shadow imps (D:6)
  2 white imps (D:10)
  A howler monkey simulacrum (D:10)
  3 ufetubi
  4 worms
  8 dart slugs
  31 orcs
  8 endoplasms
  4 giant cockroaches
  5 hobgoblins
  4 quokkas
  10 ball pythons
  7 bats
  8 frilled lizards
  10 goblins
  14 kobolds
  5 rats
353 creatures vanquished.

Notes
Turn   | Place    | Note
-------+----------+-------------------------------------------
     0 | D:1      | qw the Naga Hunter began the quest for the Orb.
     0 | D:1      | Reached XP level 1. HP: 19/19 MP: 1/1
     0 | D:1      | 0 ||| qw: Version: 0.2-a-29-gc1b59c4
     0 | D:1      | 0 ||| qw: Game counter: 4574
     0 | D:1      | 0 ||| qw: Always use a shield: true
     0 | D:1      | 0 ||| qw: God list: Okawaru
     0 | D:1      | 0 ||| qw: Allow faded altars: false
     0 | D:1      | 0 ||| qw: Do Orc after D:15 true
     0 | D:1      | 0 ||| qw: Do second Lair branch before Depths: true
     0 | D:1      | 0 ||| qw: Lair rune preference: random
     0 | D:1      | 0 ||| qw: Plans: Normal
     0 | D:1      | 0 ||| PLANNING D:1-11
    14 | D:1      | 14 ||| INVOKING Spit Poison.
    35 | D:1      | 35 ||| INVOKING Spit Poison.
    49 | D:1      | 49 ||| Stepping ~*~*~tactically~*~*~ (outnumbered).
    50 | D:1      | 50 ||| INVOKING Spit Poison.
    54 | D:1      | Reached skill level 4 in Ranged Weapons
    54 | D:1      | Reached XP level 2. HP: 26/26 MP: 2/2
    57 | D:1      | 57 ||| INVOKING Spit Poison.
    62 | D:1      | 62 ||| INVOKING Spit Poison.
    96 | D:1      | 96 ||| INVOKING Spit Poison.
   178 | D:1      | 178 ||| INVOKING Spit Poison.
   192 | D:1      | 192 ||| INVOKING Spit Poison.
   195 | D:1      | 195 ||| FLEEEEING.
   220 | D:1      | 220 ||| INVOKING Spit Poison.
   272 | D:1      | 272 ||| INVOKING Spit Poison.
   335 | D:1      | 335 ||| INVOKING Spit Poison.
   500 | D:1      | 500 ||| INVOKING Spit Poison.
   501 | D:1      | Reached XP level 3. HP: 32/32 MP: 3/3
   509 | D:1      | 509 ||| INVOKING Spit Poison.
   537 | D:1      | 537 ||| INVOKING Spit Poison.
   572 | D:1      | 572 ||| INVOKING Spit Poison.
   611 | D:1      | 611 ||| INVOKING Spit Poison.
   746 | D:1      | 746 ||| UPGRADING to +2 cloak.
   751 | D:1      | 751 ||| READING scroll labelled WOEHASMEALO.
   752 | D:1      | 752 ||| READING scroll labelled WIVER BANLA.
   753 | D:1      | 753 ||| READING scroll labelled EMYNOKAUMY.
   757 | D:1      | 757 ||| DROPPING scroll of butterflies.
   769 | D:1      | 769 ||| INVOKING Spit Poison.
   810 | D:2      | 810 ||| INVOKING Spit Poison.
   816 | D:2      | 816 ||| INVOKING Spit Poison.
   826 | D:2      | 826 ||| INVOKING Spit Poison.
   831 | D:2      | 831 ||| INVOKING Spit Poison.
   838 | D:2      | 838 ||| INVOKING Spit Poison.
   843 | D:2      | 843 ||| INVOKING Spit Poison.
   866 | D:2      | 866 ||| INVOKING Spit Poison.
   871 | D:2      | 871 ||| INVOKING Spit Poison.
   877 | D:2      | 877 ||| INVOKING Spit Poison.
   901 | D:2      | 901 ||| INVOKING Spit Poison.
   972 | D:2      | 972 ||| INVOKING Spit Poison.
   979 | D:2      | Found Xeneaha's Jewellery Shoppe.
   992 | D:2      | 992 ||| SHOPLISTING +4 ring of protection (432 gold, have
                  | 132).
   992 | D:2      | 992 ||| SHOPLISTING +6 ring of dexterity (432 gold, have
                  | 132).
   992 | D:2      | 992 ||| SHOPLISTING amulet of the acrobat (360 gold, have
                  | 132).
   992 | D:2      | 992 ||| SHOPLISTING ring of ice (300 gold, have 132).
   992 | D:2      | 992 ||| SHOPLISTING ring of protection from cold (300 gold,
                  | have 132).
   992 | D:2      | 992 ||| SHOPLISTING ring of resist corrosion (240 gold,
                  | have 132).
  1007 | D:2      | You fall into a shaft and drop 2 floors!
  1028 | D:4      | 1028 ||| INVOKING Spit Poison.
  1032 | D:4      | Reached skill level 5 in Ranged Weapons
  1032 | D:4      | Reached XP level 4. HP: 39/39 MP: 4/4
  1046 | D:4      | Noticed a phantom
  1060 | D:4      | Killed a phantom
  1061 | D:4      | Reached skill level 3 in Fighting
  1061 | D:4      | Reached XP level 5. HP: 41/49 MP: 5/5
  1156 | D:4      | 1156 ||| INVOKING Spit Poison.
  1171 | D:4      | Noticed Natasha
  1171 | D:4      | Noticed an ogre
  1173 | D:4      | 1173 ||| INVOKING Spit Poison.
  1177 | D:4      | Killed Natasha
  1179 | D:4      | 1179 ||| INVOKING Spit Poison.
  1180 | D:4      | Killed an ogre
  1181 | D:4      | Reached skill level 6 in Ranged Weapons
  1181 | D:4      | Reached XP level 6. HP: 15/56 MP: 6/6
  1343 | D:4      | 1343 ||| INVOKING Spit Poison.
  1351 | D:4      | 1351 ||| INVOKING Spit Poison.
  1354 | D:4      | 1354 ||| INVOKING Spit Poison.
  1363 | D:4      | 1363 ||| INVOKING Spit Poison.
  1368 | D:4      | 1368 ||| INVOKING Spit Poison.
  1375 | D:4      | 1375 ||| INVOKING Spit Poison.
  1445 | D:4      | 1445 ||| INVOKING Spit Poison.
  1451 | D:4      | 1451 ||| INVOKING Spit Poison.
  1455 | D:4      | 1455 ||| Stepping ~*~*~tactically~*~*~ (outnumbered).
  1456 | D:4      | 1456 ||| INVOKING Spit Poison.
  1623 | D:4      | Found a staircase to the Ecumenical Temple.
  1624 | D:4      | 1624 ||| PLANNING TEMPLE
  1624 | D:4      | 1624 ||| UPGRADING to amulet of regeneration.
  1629 | D:4      | 1629 ||| UPGRADING to ring of protection from fire.
  1630 | D:4      | 1630 ||| DRINKING 2 yellow potions.
  1637 | D:4      | Reached XP level 7. HP: 64/64 MP: 7/7
  1643 | Temple   | Entered the Ecumenical Temple
  1671 | Temple   | 1671 ||| PLANNING D:1-11
  1715 | D:4      | Noticed Menkaure
  1727 | D:4      | Killed Menkaure
  1837 | D:4      | Reached skill level 7 in Ranged Weapons
  1865 | D:4      | 1865 ||| READING 3 scrolls labelled NOCACH ITARYF.
  1866 | D:4      | 1866 ||| DROPPING 2 scrolls of vulnerability.
  1870 | D:4      | 1870 ||| INVOKING Spit Poison.
  1874 | D:4      | 1874 ||| INVOKING Spit Poison.
  1883 | D:3      | Found a stormy altar of Qazlal.
  1890 | D:3      | Identified the +5 whip "Killer Klown's Regret" {drain,
                  | Will+ Dex+6 SInv}
  1915 | D:4      | 1915 ||| INVOKING Spit Poison.
  1929 | D:4      | 1929 ||| STAIRDANCE
  1950 | D:3      | 1950 ||| INVOKING Spit Poison.
  1956 | D:3      | 1956 ||| READING scroll labelled SOMYERPH ISOEWE.
  1989 | D:2      | 1989 ||| INVOKING Spit Poison.
  2038 | D:2      | 2038 ||| INVOKING Spit Poison.
  2190 | D:2      | 2190 ||| DROPPING amulet of the acrobat.
  2191 | D:2      | 2191 ||| DRINKING 2 emerald potions.
  2192 | D:2      | 2192 ||| DROPPING potion of enlightenment.
  2266 | D:3      | Found a glowing golden altar of the Shining One.
  2270 | D:3      | Found a hide-covered altar of Uskayaw.
  2279 | D:3      | Noticed Terence
  2280 | D:3      | 2280 ||| INVOKING Spit Poison.
  2286 | D:3      | Killed Terence
  2287 | D:3      | 2287 ||| INVOKING Spit Poison.
  2325 | D:3      | 2325 ||| INVOKING Spit Poison.
  2364 | D:3      | 2364 ||| INVOKING Spit Poison.
  2381 | D:3      | 2381 ||| INVOKING Spit Poison.
  2411 | D:3      | 2411 ||| INVOKING Spit Poison.
  2496 | D:3      | Found a burning altar of Makhleb.
  2601 | D:3      | 2601 ||| INVOKING Spit Poison.
  2656 | D:3      | Found a snail-covered altar of Cheibriados.
  2672 | D:3      | 2672 ||| INVOKING Spit Poison.
  2686 | D:3      | Found a shadowy altar of Dithmenos.
  2688 | D:3      | 2688 ||| INVOKING Spit Poison.
  2770 | D:3      | Found a runed translucent door.
  2771 | D:3      | Noticed Crazy Yiuf
  2774 | D:3      | 2774 ||| READING scroll labelled KIWUG AM HASH.
  2775 | D:3      | 2775 ||| READING scroll labelled KUINUMI QASOL.
  2776 | D:3      | 2776 ||| DRINKING 2 sapphire potions.
  2777 | D:3      | 2777 ||| DRINKING 2 black potions.
  2778 | D:3      | 2778 ||| DRINKING 2 bubbling orange potions.
  2779 | D:3      | 2779 ||| READING 2 scrolls of identify.
  2779 | D:3      | 2779 ||| IDENTIFYING bubbling silvery potion
  2780 | D:3      | 2780 ||| DROPPING potion of attraction.
  2781 | D:3      | 2781 ||| DROPPING potion of degeneration.
  2782 | D:3      | 2782 ||| DROPPING potion of invisibility.
  2878 | D:4      | 2878 ||| INVOKING Spit Poison.
  2885 | D:4      | 2885 ||| INVOKING Spit Poison.
  2888 | D:4      | 2888 ||| INVOKING Spit Poison.
  2891 | D:4      | 2891 ||| INVOKING Spit Poison.
  2916 | D:4      | 2916 ||| INVOKING Spit Poison.
  2967 | D:4      | 2967 ||| INVOKING Spit Poison.
  2971 | D:4      | 2971 ||| INVOKING Spit Poison.
  3027 | D:4      | 3027 ||| INVOKING Spit Poison.
  3031 | D:4      | 3031 ||| INVOKING Spit Poison.
  3035 | D:4      | 3035 ||| INVOKING Spit Poison.
  3039 | D:4      | Reached XP level 8. HP: 67/72 MP: 8/8
  3047 | D:4      | Noticed Edmund
  3049 | D:4      | 3049 ||| INVOKING Spit Poison.
  3053 | D:4      | 3053 ||| INVOKING Spit Poison.
  3055 | D:4      | Killed Edmund
  3056 | D:4      | Reached skill level 8 in Ranged Weapons
  3091 | D:4      | 3091 ||| INVOKING Spit Poison.
  3110 | D:4      | Noticed Natasha
  3113 | D:4      | 3113 ||| INVOKING Spit Poison.
  3117 | D:4      | 3117 ||| INVOKING Spit Poison.
  3119 | D:4      | Killed Natasha
  3139 | D:4      | Found a shimmering blue altar of Sif Muna.
  3272 | D:5      | Entered Level 5 of the Dungeon
  3325 | D:5      | Noticed Ijyb
  3326 | D:5      | 3326 ||| INVOKING Spit Poison.
  3329 | D:5      | Killed Ijyb
  3351 | D:5      | 3351 ||| INVOKING Spit Poison.
  3367 | D:5      | 3367 ||| INVOKING Spit Poison.
  3377 | D:5      | 3377 ||| INVOKING Spit Poison.
  3457 | D:5      | 3457 ||| INVOKING Spit Poison.
  3458 | D:5      | 3458 ||| Stepping ~*~*~tactically~*~*~ (outnumbered).
  3460 | D:5      | 3460 ||| INVOKING Spit Poison.
  3465 | D:5      | 3465 ||| INVOKING Spit Poison.
  3471 | D:5      | 3471 ||| INVOKING Spit Poison.
  3522 | D:5      | 3522 ||| INVOKING Spit Poison.
  3525 | D:5      | 3525 ||| INVOKING Spit Poison.
  3633 | D:5      | 3633 ||| INVOKING Spit Poison.
  3638 | D:5      | 3638 ||| INVOKING Spit Poison.
  3641 | D:5      | Reached skill level 9 in Ranged Weapons
  3666 | D:5      | 3666 ||| INVOKING Spit Poison.
  3717 | D:5      | 3717 ||| INVOKING Spit Poison.
  3972 | D:5      | Found Eseottav's General Store.
  3977 | D:5      | 3977 ||| BUYING +3 ring mail of poison resistance (345
                  | gold).
  3977 | D:5      | Bought a +3 ring mail of poison resistance for 345 gold
                  | pieces
  3977 | D:5      | 3977 ||| SHOPLISTING potion of mutation (120 gold, have
                  | 45).
  3977 | D:5      | 3977 ||| UPGRADING to +3 ring mail of poison resistance.
  3987 | D:5      | 3987 ||| DROPPING +0 leather armour.
  3988 | D:5      | 3988 ||| READING scroll labelled LACRAPS YVOFFA.
  3989 | D:5      | 3989 ||| READING scroll labelled BYITSUNOFE.
  3990 | D:5      | 3990 ||| READING scroll labelled YFIYRIK FECA.
  4022 | D:5      | 4022 ||| READING 3 scrolls of identify.
  4022 | D:5      | 4022 ||| IDENTIFYING lumpy inky potion
  4023 | D:5      | 4023 ||| READING 2 scrolls of identify.
  4023 | D:5      | 4023 ||| IDENTIFYING golden potion
  4024 | D:5      | 4024 ||| DROPPING potion of ambrosia.
  4057 | D:6      | 4057 ||| INVOKING Spit Poison.
  4058 | D:6      | Reached skill level 1 in Armour
  4106 | D:6      | 4106 ||| SWAPPING to +0 orcbow.
  4107 | D:6      | 4107 ||| DROPPING +1 shortbow.
  4220 | D:6      | 4220 ||| INVOKING Spit Poison.
  4225 | D:6      | 4225 ||| INVOKING Spit Poison.
  4351 | D:6      | 4351 ||| INVOKING Spit Poison.
  4355 | D:6      | 4355 ||| INVOKING Spit Poison.
  4356 | D:6      | Reached skill level 6 in Fighting
  4356 | D:6      | Reached XP level 9. HP: 79/82 MP: 9/9
  4361 | D:6      | 4361 ||| Stepping ~*~*~tactically~*~*~ (outnumbered).
  4362 | D:6      | 4362 ||| INVOKING Spit Poison.
  4362 | D:6      | HP: 20/82 [killer bee (1)]
  4363 | D:6      | 4363 ||| READING scroll of teleportation.
  4365 | D:6      | 4365 ||| INVOKING Spit Poison.
  4367 | D:6      | HP: 10/82 [poisoned by a killer bee]
  4372 | D:6      | HP: 10/82 [poisoned by a killer bee]
  4439 | D:6      | 4439 ||| INVOKING Spit Poison.
  4457 | D:6      | 4457 ||| INVOKING Spit Poison.
  4463 | D:6      | 4463 ||| INVOKING Spit Poison.
  4465 | D:6      | Reached skill level 3 in Dodging
  4555 | D:6      | 4555 ||| INVOKING Spit Poison.
  4560 | D:6      | 4560 ||| INVOKING Spit Poison.
  4574 | D:6      | 4574 ||| INVOKING Spit Poison.
  4579 | D:6      | 4579 ||| INVOKING Spit Poison.
  4652 | D:6      | Found an ancient bone altar of Kikubaaqudgha.
  4776 | D:6      | 4776 ||| INVOKING Spit Poison.
  4781 | D:6      | 4781 ||| INVOKING Spit Poison.
  4850 | D:6      | Found a sacrificial altar of Ru.
  4911 | D:6      | 4911 ||| UPGRADING to +6 ring of strength.
  4938 | D:7      | 4938 ||| INVOKING Spit Poison.
  4944 | D:7      | 4944 ||| INVOKING Spit Poison.
  4947 | D:7      | 4947 ||| INVOKING Spit Poison.
  4976 | D:7      | Found a sparkling altar of Nemelex Xobeh.
  4976 | D:7      | Noticed Joseph
  5048 | D:7      | 5048 ||| INVOKING Spit Poison.
  5055 | D:7      | 5055 ||| INVOKING Spit Poison.
  5060 | D:7      | 5060 ||| INVOKING Spit Poison.
  5072 | D:7      | 5072 ||| INVOKING Spit Poison.
  5249 | D:7      | 5249 ||| INVOKING Spit Poison.
  5251 | D:7      | Found a bloodstained altar of Trog.
  5255 | D:7      | 5255 ||| INVOKING Spit Poison.
  5258 | D:7      | 5258 ||| INVOKING Spit Poison.
  5261 | D:7      | 5261 ||| INVOKING Spit Poison.
  5264 | D:7      | 5264 ||| INVOKING Spit Poison.
  5365 | D:7      | 5365 ||| INVOKING Spit Poison.
  5450 | D:7      | 5450 ||| INVOKING Spit Poison.
  5452 | D:7      | Reached skill level 10 in Ranged Weapons
  5539 | D:7      | 5539 ||| INVOKING Spit Poison.
  5735 | D:7      | 5735 ||| DRINKING 2 inky potions.
  5736 | D:7      | 5736 ||| DRINKING 2 murky red potions.
  5790 | D:7      | 5790 ||| READING 2 scrolls of identify.
  5790 | D:7      | 5790 ||| IDENTIFYING gluggy clear potion
  5791 | D:7      | 5791 ||| DROPPING potion of lignification.
  5854 | D:8      | 5854 ||| INVOKING Spit Poison.
  5859 | D:8      | 5859 ||| INVOKING Spit Poison.
  5862 | D:8      | 5862 ||| INVOKING Spit Poison.
  5866 | D:8      | 5866 ||| INVOKING Spit Poison.
  5950 | D:8      | 5950 ||| INVOKING Spit Poison.
  6120 | D:8      | Noticed a two-headed ogre
  6123 | D:8      | 6123 ||| INVOKING Spit Poison.
  6129 | D:8      | 6129 ||| INVOKING Spit Poison.
  6131 | D:8      | Killed a two-headed ogre
  6180 | D:8      | 6180 ||| INVOKING Spit Poison.
  6185 | D:8      | 6185 ||| INVOKING Spit Poison.
  6188 | D:8      | 6188 ||| INVOKING Spit Poison.
  6192 | D:8      | 6192 ||| INVOKING Spit Poison.
  6195 | D:8      | 6195 ||| INVOKING Spit Poison.
  6200 | D:8      | 6200 ||| INVOKING Spit Poison.
  6204 | D:8      | 6204 ||| INVOKING Spit Poison.
  6210 | D:8      | 6210 ||| INVOKING Spit Poison.
  6362 | D:8      | Noticed Maggie
  6365 | D:8      | 6365 ||| INVOKING Spit Poison.
  6371 | D:8      | 6371 ||| INVOKING Spit Poison.
  6377 | D:8      | 6377 ||| INVOKING Spit Poison.
  6383 | D:8      | 6383 ||| INVOKING Spit Poison.
  6384 | D:8      | Reached XP level 10. HP: 55/96 MP: 10/10
  6384 | D:8      | Killed Maggie
  6544 | D:8      | 6544 ||| Stepping ~*~*~tactically~*~*~ (outnumbered).
  6546 | D:8      | 6546 ||| Stepping ~*~*~tactically~*~*~ (outnumbered).
  6548 | D:8      | 6548 ||| Stepping ~*~*~tactically~*~*~ (outnumbered).
  6549 | D:8      | 6549 ||| INVOKING Spit Poison.
  6553 | D:8      | 6553 ||| Stepping ~*~*~tactically~*~*~ (outnumbered).
  6554 | D:8      | 6554 ||| INVOKING Spit Poison.
  6604 | D:8      | 6604 ||| UPGRADING to +2 acid dragon scales.
  6614 | D:8      | 6614 ||| READING scroll of enchant armour.
  6614 | D:8      | 6614 ||| ENCHANTING +2 acid dragon scales.
  6615 | D:8      | 6615 ||| DROPPING +3 ring mail of poison resistance.
  6616 | D:8      | 6616 ||| READING scroll labelled BOTU RUOROF.
  6639 | D:9      | 6639 ||| INVOKING Spit Poison.
  6644 | D:9      | 6644 ||| STAIRDANCE
  6646 | D:8      | 6646 ||| INVOKING Spit Poison.
  6653 | D:8      | 6653 ||| INVOKING Spit Poison.
  6686 | D:9      | 6686 ||| INVOKING Spit Poison.
  6689 | D:9      | 6689 ||| STAIRDANCE
  6691 | D:8      | 6691 ||| INVOKING Spit Poison.
  6698 | D:8      | Reached skill level 11 in Ranged Weapons
  6698 | D:8      | 6698 ||| INVOKING Spit Poison.
  6700 | D:8      | HP: 24/96 [yak (7)]
  6701 | D:8      | 6701 ||| READING scroll of teleportation.
  6702 | D:8      | 6702 ||| INVOKING Spit Poison.
  6766 | D:8      | 6766 ||| INVOKING Spit Poison.
  6769 | D:8      | 6769 ||| INVOKING Spit Poison.
  6775 | D:8      | 6775 ||| INVOKING Spit Poison.
  6778 | D:8      | 6778 ||| INVOKING Spit Poison.
  6782 | D:8      | 6782 ||| INVOKING Spit Poison.
  6806 | D:9      | 6806 ||| INVOKING Spit Poison.
  6810 | D:9      | 6810 ||| INVOKING Spit Poison.
  6811 | D:9      | 6811 ||| STAIRDANCE
  6813 | D:8      | 6813 ||| INVOKING Spit Poison.
  6837 | D:9      | 6837 ||| Stepping ~*~*~tactically~*~*~ (outnumbered).
  6839 | D:9      | 6839 ||| Stepping ~*~*~tactically~*~*~ (outnumbered).
  6840 | D:9      | 6840 ||| INVOKING Spit Poison.
  6841 | D:9      | 6841 ||| Stepping ~*~*~tactically~*~*~ (outnumbered).
  6844 | D:9      | 6844 ||| INVOKING Spit Poison.
  6849 | D:9      | 6849 ||| INVOKING Spit Poison.
  6852 | D:9      | 6852 ||| INVOKING Spit Poison.
  6855 | D:9      | 6855 ||| INVOKING Spit Poison.
  6915 | D:9      | 6915 ||| INVOKING Spit Poison.
  6923 | D:9      | 6923 ||| INVOKING Spit Poison.
  7008 | D:9      | 7008 ||| INVOKING Spit Poison.
  7014 | D:9      | 7014 ||| INVOKING Spit Poison.
  7082 | D:9      | 7082 ||| INVOKING Spit Poison.
  7086 | D:9      | 7086 ||| INVOKING Spit Poison.
  7094 | D:9      | 7094 ||| INVOKING Spit Poison.
  7099 | D:9      | 7099 ||| INVOKING Spit Poison.
  7104 | D:9      | 7104 ||| INVOKING Spit Poison.
  7107 | D:9      | Killed Joseph
  7132 | D:9      | 7132 ||| FLEEEEING.
  7133 | D:9      | 7133 ||| FLEEEEING.
  7134 | D:9      | 7134 ||| FLEEEEING.
  7135 | D:9      | 7135 ||| FLEEEEING.
  7136 | D:9      | 7136 ||| STAIRDANCE
  7165 | D:8      | 7165 ||| DROPPING amulet of guardian spirit.
  7166 | D:8      | 7166 ||| UPGRADING to ring of willpower.
  7173 | D:9      | 7173 ||| STAIRDANCE
  7320 | D:9      | 7320 ||| INVOKING Spit Poison.
  7327 | D:9      | 7327 ||| INVOKING Spit Poison.
  7334 | D:9      | 7334 ||| INVOKING Spit Poison.
  7361 | D:9      | Found a faded altar of an unknown god.
  7361 | D:9      | Found an iron altar of Okawaru.
  7362 | D:9      | 7362 ||| PLANNING OKAWARU WORSHIP
  7369 | D:9      | Found a basalt altar of Yredelemnul.
  7372 | D:9      | Became a worshipper of Warmaster Okawaru
  7372 | D:9      | 7372 ||| PLANNING D:1-11
  7376 | D:9      | Found an opulent altar of Gozag.
  7378 | D:9      | Found a blossoming altar of Fedhas.
  7441 | D:9      | 7441 ||| INVOKING Spit Poison.
  7445 | D:9      | 7445 ||| INVOKING Spit Poison.
  7447 | D:9      | Reached skill level 12 in Ranged Weapons
  7452 | D:9      | 7452 ||| INVOKING Spit Poison.
  7456 | D:9      | 7456 ||| INVOKING Spit Poison.
  7462 | D:9      | 7462 ||| INVOKING Spit Poison.
  7468 | D:9      | 7468 ||| INVOKING Spit Poison.
  7473 | D:9      | 7473 ||| INVOKING Spit Poison.
  7478 | D:9      | 7478 ||| INVOKING Spit Poison.
  7542 | D:9      | Found a hazy altar of Hepliaklqana.
  7602 | D:10     | Entered Level 10 of the Dungeon
  7609 | D:10     | 7609 ||| INVOKING Spit Poison.
  7617 | D:10     | 7617 ||| INVOKING Spit Poison.
  7621 | D:10     | Reached XP level 11. HP: 65/103 MP: 11/11
  7625 | D:10     | 7625 ||| INVOKING Spit Poison.
  7628 | D:10     | Reached * piety under Okawaru
  7629 | D:10     | 7629 ||| INVOKING Heroism.
  7630 | D:10     | 7630 ||| INVOKING Spit Poison.
  7636 | D:10     | HP: 25/103 [polar bear (6)]
  7637 | D:10     | 7637 ||| INVOKING Spit Poison.
  7643 | D:10     | 7643 ||| INVOKING Spit Poison.
  7769 | D:10     | 7769 ||| INVOKING Spit Poison.
  7774 | D:10     | Reached skill level 13 in Ranged Weapons
  7774 | D:10     | 7774 ||| INVOKING Spit Poison.
  7833 | D:10     | 7833 ||| INVOKING Heroism.
  7837 | D:10     | 7837 ||| INVOKING Spit Poison.
  7911 | D:10     | 7911 ||| INVOKING Spit Poison.
  7917 | D:10     | 7917 ||| INVOKING Spit Poison.
  7925 | D:10     | 7925 ||| INVOKING Spit Poison.
  7927 | D:10     | Reached skill level 1 in Invocations
  7949 | D:10     | 7949 ||| INVOKING Spit Poison.
  7956 | D:10     | 7956 ||| INVOKING Spit Poison.
  7961 | D:10     | 7961 ||| INVOKING Spit Poison.
  7962 | D:10     | 7962 ||| INVOKING Heroism.
  7967 | D:10     | 7967 ||| INVOKING Spit Poison.
  8045 | D:10     | Identified the +2 whip "Sotuikur" {heavy, SInv}
  8047 | D:10     | Found a staircase to the Orcish Mines.
  8060 | D:10     | 8060 ||| INVOKING Spit Poison.
  8137 | D:10     | 8137 ||| INVOKING Spit Poison.
  8172 | D:10     | Found a staircase to the Lair.
  8179 | D:10     | 8179 ||| INVOKING Spit Poison.
  8181 | D:10     | Reached skill level 3 in Invocations
  8204 | D:10     | 8204 ||| INVOKING Spit Poison.
  8299 | D:10     | 8299 ||| INVOKING Spit Poison.
  8309 | D:10     | Found Isoconal's Magic Scroll Shoppe.
  8317 | D:10     | 8317 ||| BUYING scroll of enchant armour (105 gold).
  8317 | D:10     | Bought a scroll of enchant armour for 105 gold pieces
  8317 | D:10     | 8317 ||| BUYING scroll of enchant armour (105 gold).
  8317 | D:10     | Bought a scroll of enchant armour for 105 gold pieces
  8317 | D:10     | 8317 ||| BUYING scroll of identify (28 gold).
  8317 | D:10     | Bought a scroll of identify for 28 gold pieces
  8317 | D:10     | 8317 ||| SHOPLISTING scroll of identify (28 gold, have 27).
  8317 | D:10     | 8317 ||| SHOPLISTING scroll of teleportation (42 gold, have
                  | 27).
  8317 | D:10     | 8317 ||| READING 2 scrolls of enchant armour.
  8317 | D:10     | 8317 ||| ENCHANTING +3 acid dragon scales.
  8318 | D:10     | 8318 ||| READING scroll of enchant armour.
  8318 | D:10     | 8318 ||| ENCHANTING +4 acid dragon scales.
  8445 | D:10     | 8445 ||| PLANNING LAIR
  8445 | D:10     | 8445 ||| DROPPING +0 troll leather armour.
  8446 | D:10     | 8446 ||| READING scroll labelled YJIX ZEOWKIMAM.
  8497 | Lair:1   | Entered Level 1 of the Lair of Beasts
  8498 | Lair:1   | 8498 ||| INVOKING Heroism.
  8499 | Lair:1   | 8499 ||| INVOKING Spit Poison.
  8507 | Lair:1   | Reached skill level 9 in Fighting
  8507 | Lair:1   | 8507 ||| INVOKING Spit Poison.
  8512 | Lair:1   | 8512 ||| INVOKING Spit Poison.
  8606 | Lair:1   | 8606 ||| INVOKING Spit Poison.
  8611 | Lair:1   | Reached ** piety under Okawaru
  8622 | Lair:1   | 8622 ||| INVOKING Spit Poison.
  8629 | Lair:1   | 8629 ||| INVOKING Spit Poison.
  8631 | Lair:1   | 8631 ||| Stepping ~*~*~tactically~*~*~ (outnumbered).
  8632 | Lair:1   | 8632 ||| INVOKING Heroism.
  8637 | Lair:1   | 8637 ||| INVOKING Spit Poison.
  8645 | Lair:1   | 8645 ||| INVOKING Spit Poison.
  8653 | Lair:1   | 8653 ||| INVOKING Spit Poison.
  8658 | Lair:1   | 8658 ||| INVOKING Heroism.
  8659 | Lair:1   | 8659 ||| INVOKING Spit Poison.
  8667 | Lair:1   | 8667 ||| INVOKING Spit Poison.
  8675 | Lair:1   | 8675 ||| INVOKING Spit Poison.
  8679 | Lair:1   | 8679 ||| INVOKING Heroism.
  8683 | Lair:1   | 8683 ||| INVOKING Spit Poison.
  8690 | Lair:1   | 8690 ||| INVOKING Spit Poison.
  8692 | Lair:1   | Reached skill level 3 in Armour
  8695 | Lair:1   | HP: 23/106 [yak (12)]
  8696 | Lair:1   | 8696 ||| READING scroll of teleportation.
  8699 | Lair:1   | 8699 ||| INVOKING Spit Poison.
  8702 | Lair:1   | 8702 ||| INVOKING Heroism.
  8783 | Lair:1   | 8783 ||| READING scroll of enchant armour.
  8783 | Lair:1   | 8783 ||| ENCHANTING +5 acid dragon scales.
  8806 | Lair:1   | 8806 ||| INVOKING Spit Poison.
  8810 | Lair:1   | 8810 ||| INVOKING Spit Poison.
  8816 | Lair:1   | 8816 ||| INVOKING Spit Poison.
  8819 | Lair:1   | 8819 ||| INVOKING Heroism.
  8821 | Lair:1   | 8821 ||| INVOKING Spit Poison.
  8825 | Lair:1   | 8825 ||| INVOKING Spit Poison.
  8834 | Lair:1   | 8834 ||| INVOKING Spit Poison.
  8838 | Lair:1   | 8838 ||| INVOKING Spit Poison.
  8843 | Lair:1   | 8843 ||| INVOKING Spit Poison.
  8850 | Lair:1   | 8850 ||| INVOKING Spit Poison.
  8889 | Lair:1   | 8889 ||| INVOKING Spit Poison.
  8894 | Lair:1   | 8894 ||| INVOKING Spit Poison.
  8974 | Lair:1   | 8974 ||| INVOKING Heroism.
  8978 | Lair:1   | 8978 ||| INVOKING Spit Poison.
  8984 | Lair:1   | 8984 ||| INVOKING Spit Poison.
  9106 | Lair:1   | 9106 ||| INVOKING Spit Poison.
  9111 | Lair:1   | 9111 ||| INVOKING Spit Poison.
  9116 | Lair:1   | 9116 ||| INVOKING Spit Poison.
  9127 | Lair:1   | 9127 ||| INVOKING Spit Poison.
  9134 | Lair:1   | 9134 ||| INVOKING Spit Poison.
  9135 | Lair:1   | Reached *** piety under Okawaru
  9139 | Lair:1   | 9139 ||| INVOKING Spit Poison.
  9147 | Lair:1   | 9147 ||| INVOKING Spit Poison.
  9299 | Lair:1   | 9299 ||| INVOKING Heroism.
  9303 | Lair:1   | 9303 ||| INVOKING Spit Poison.
  9310 | Lair:1   | 9310 ||| INVOKING Spit Poison.
  9317 | Lair:1   | 9317 ||| INVOKING Spit Poison.
  9321 | Lair:1   | Reached skill level 14 in Ranged Weapons
  9321 | Lair:1   | Reached XP level 12. HP: 114/114 MP: 15/15
  9323 | Lair:1   | 9323 ||| INVOKING Heroism.
  9923 | Lair:1   | 9923 ||| READING scroll labelled ZAQ VUCOSMETOALIFU.
 10024 | Lair:1   | 10024 ||| READING 4 scrolls of identify.
 10024 | Lair:1   | 10024 ||| IDENTIFYING cyan potion
 10059 | Lair:2   | 10059 ||| INVOKING Heroism.
 10111 | Lair:2   | 10111 ||| INVOKING Heroism.
 10128 | Lair:2   | HP: 27/116 [torpor snail (9)]
 10129 | Lair:2   | HP: 8/116 [torpor snail (12)]
 10130 | Lair:2   | 10130 ||| DRINKING potion of heal wounds.
 10135 | Lair:2   | 10135 ||| INVOKING Heroism.
 10244 | Lair:2   | 10244 ||| Stepping ~*~*~tactically~*~*~ (outnumbered).
 10278 | Lair:2   | 10278 ||| INVOKING Heroism.
 10438 | Lair:2   | 10438 ||| INVOKING Heroism.
 10508 | Lair:2   | Noticed a seven-headed hydra
 10509 | Lair:2   | 10509 ||| INVOKING Heroism.
 10519 | Lair:2   | Killed a seven-headed hydra
 10554 | Lair:2   | 10554 ||| INVOKING Heroism.
 10807 | Lair:2   | Noticed Urug
 10808 | Lair:2   | 10808 ||| INVOKING Heroism.
 10831 | Lair:2   | Killed Urug
 10874 | Lair:2   | Reached skill level 15 in Ranged Weapons
 11141 | Lair:2   | 11141 ||| DROPPING +2 robe of willpower.
 11205 | Lair:3   | Noticed a five-headed hydra
 11206 | Lair:3   | 11206 ||| INVOKING Heroism.
 11214 | Lair:3   | Killed a five-headed hydra
 11214 | Lair:3   | Received a gift from Okawaru
 11215 | Lair:3   | Reached skill level 6 in Dodging
 11463 | Lair:3   | Noticed a catoblepas
 11464 | Lair:3   | 11464 ||| INVOKING Heroism.
 11469 | Lair:3   | 11469 ||| Stepping ~*~*~tactically~*~*~ (cloud).
 11471 | Lair:3   | 11471 ||| Stepping ~*~*~tactically~*~*~ (cloud).
 11474 | Lair:3   | 11474 ||| Stepping ~*~*~tactically~*~*~ (cloud).
 11475 | Lair:3   | 11475 ||| Stepping ~*~*~tactically~*~*~ (cloud).
 11476 | Lair:3   | 11476 ||| INVOKING Heroism.
 11477 | Lair:3   | Killed a catoblepas
 11567 | Lair:3   | 11567 ||| INVOKING Heroism.
 11706 | Lair:3   | 11706 ||| INVOKING Heroism.
 11722 | Lair:3   | Reached **** piety under Okawaru
 11794 | Lair:3   | Found a hole to the Spider Nest.
 11824 | Lair:3   | Gained mutation: You can use your snake-like lower body to
                  | constrict enemies. [Naga growth]
 11824 | Lair:3   | Reached XP level 13. HP: 120/123 MP: 16/16
 11911 | Lair:3   | 11911 ||| INVOKING Heroism.
 11940 | Lair:3   | 11940 ||| INVOKING Heroism.
 12442 | Lair:3   | Found a staircase to the Shoals.
 12689 | Lair:4   | 12689 ||| STAIRDANCE
 12697 | Lair:3   | 12697 ||| INVOKING Heroism.
 12784 | Lair:4   | 12784 ||| INVOKING Heroism.
 12805 | Lair:4   | Reached skill level 6 in Invocations
 12815 | Lair:4   | Found a viscous altar of Jiyva.
 12823 | Lair:4   | Found a staircase to the Slime Pits.
 12833 | Lair:4   | Reached skill level 16 in Ranged Weapons
 12868 | Lair:4   | 12868 ||| INVOKING Heroism.
 13370 | Lair:4   | Identified the +0 robe "Emoith" {rElec Dex+2 Slay+3}
 13743 | Lair:4   | 13743 ||| DROPPING +0 robe "Emoith" {rElec Dex+2 Slay+3}.
 13785 | Lair:5   | Entered Level 5 of the Lair of Beasts
 13792 | Lair:5   | 13792 ||| INVOKING Heroism.
 13869 | Lair:5   | Identified the +2 robe "Ygas" {rN+ Str+6 Dex+4}
 13885 | Lair:5   | 13885 ||| INVOKING Heroism.
 13917 | Lair:5   | 13917 ||| INVOKING Heroism.
 13919 | Lair:5   | HP: 24/124 [death yak (15)]
 13920 | Lair:5   | 13920 ||| READING 2 scrolls of teleportation.
 13922 | Lair:5   | HP: 1/124 [death yak (15)]
 13943 | Lair:5   | 13943 ||| INVOKING Heroism.
 14028 | Lair:5   | 14028 ||| INVOKING Heroism.
 14060 | Lair:5   | HP: 30/126 [death yak (4)]
 14061 | Lair:5   | 14061 ||| READING scroll of teleportation.
 14061 | Lair:5   | Slain by a death yak

Levels and vault maps discovered:
D:1:      shiori_arrival_maze, layout_basic, chequers_hall_statues_y
D:2:      layout_rooms, serial_shops, shop, minmay_lizard_pond
D:3:      layout_rooms, chequers_temple_overflow_statue_of_worship,
          mainiacjoe_overflow_six_doors_small, nicolae_overflow_hidden_temple,
          mainiacjoe_overflow_two_lobes, chequers_serial_rivers_small_b,
          uniq_crazy_yiuf_cottage, uniq_terence
D:4:      layout_loops_corners, led_sif_book, minmay_temple_entry_glass,
          minmay_a_box_with_orc_wizards_in_it, uniq_menkaure, uniq_edmund,
          uniq_natasha
D:5:      layout_loops_ring, serial_shops, kennysheep_little_box, uniq_ijyb
D:6:      layout_basic, nicolae_ru_path_of_blood, kennysheep_mini_moat
D:7:      layout_basic, nemelex_spade_bored_becter, bloody_trog, serial_curves,
          eino_curves_03, eino_curves_04, kennysheep_windowed_goal, uniq_joseph
D:8:      layout_basic, enter_bailey_5, minivault_26, uniq_maggie
D:9:      layout_rooms, overflow_temple_1_default,
          chequers_temple_overflow_minitemple
D:10:     layout_irregular_city, erik_lair_orcish_takeover,
          minmay_orc_entry_guard_dogs, serial_shops, nicolae_stop_n_shop_1,
          serial_ice, serial_ice_o, serial_ice_i, serial_ice_b, serial_ice_g
Temple:   corrupted_temple
Lair:1:   layout_layer_cave, chequers_serial_rivers_room_b,
          chequers_serial_rivers_small_a, grunt_megastairs_1
Lair:2:   layout_cave_pods, minmay_holes, uniq_urug
Lair:3:   layout_layer_cave, elwin_shoals_entry_rooms,
          nicolae_spider_entry_lesser_pyramids,
          eino_small_chamber_without_monster
Lair:4:   layout_cellular_growth, slime_entry_1
Lair:5:   evilmike_catoblepas_cave, layout_gridlike

Skill      XL: |  1  2  3  4  5  6  7  8  9 10 11 12 13 |
---------------+----------------------------------------+-----
Ranged Weapons | 4 5 6 7 9 10 12 14 15 16 | 16.0
Fighting       | 3 4 6 8 9 10 | 10.8
Dodging        | 2 3 4 5 6 |  6.0
Armour         | 1 2 3 |  3.0
Invocations    | 4 7 |  7.0
Stealth        | |  1.5

Action                     |  1- 3 |  4- 6 |  7- 9 | 10-12 | 13-15 || total
---------------------------+-------+-------+-------+-------+-------++-------
   Fire: Shortbow          |    57 |    68 |   206 |       |       ||   331
         Orcbow            |       |       |   199 |   840 |   255 ||  1294
 Invoke: Heroism           |       |       |       |    25 |    10 ||    35
Ability: Spit Poison       |    29 |    12 |    94 |   101 |       ||   236
    Use: Scroll            |     3 |       |    12 |    10 |     2 ||    27
         Potion            |       |     1 |     6 |     1 |       ||     8
 Armour: Leather armour    |     7 |    13 |    21 |       |       ||    41
         Ring mail         |       |       |    74 |     2 |       ||    76
         Acid dragon scale |       |       |       |   283 |    85 ||   368
  Dodge: Dodged            |     6 |    19 |   131 |   423 |   121 ||   700

Table legend:
 A = Non-vault XP
 B = Vault XP
 C = Vault XP percentage of total XP
 D = Non-vault monster count
 E = Vault monster count
 F = Vault count percentage of total count
                 A         B        C        D         E       F
            +---------+---------+-------+---------+---------+-------
      Total |   34423 |    7241 |  17.4 |     300 |      53 |  15.0
            +---------+---------+-------+---------+---------+-------
        D:1 |      42 |       5 |  10.6 |      21 |       2 |   8.7
        D:2 |      42 |       5 |  10.6 |      18 |       5 |  21.7
        D:3 |      45 |      36 |  44.4 |      16 |       1 |   5.9
        D:4 |     800 |     526 |  39.7 |      33 |       7 |  17.5
        D:5 |     439 |      35 |   7.4 |      13 |       1 |   7.1
        D:6 |     952 |       0 |   0.0 |      21 |       0 |   0.0
        D:7 |     498 |      51 |   9.3 |      19 |       1 |   5.0
        D:8 |    2721 |     412 |  13.2 |      23 |       5 |  17.9
        D:9 |    1843 |     430 |  18.9 |      31 |       1 |   3.1
       D:10 |    1394 |    2087 |  60.0 |       9 |      19 |  67.9
     Lair:1 |    5793 |     924 |  13.8 |      32 |       4 |  11.1
     Lair:2 |    6859 |     798 |  10.4 |      24 |       1 |   4.0
     Lair:3 |    5870 |    1932 |  24.8 |      24 |       6 |  20.0
     Lair:4 |    3413 |       0 |   0.0 |      10 |       0 |   0.0
     Lair:5 |    3712 |       0 |   0.0 |       6 |       0 |   0.0
            +---------+---------+-------+---------+---------+-------
